 Dungeon Crawl Stone Soup version 0.21.1-1-g345015fe64 (webtiles) character file.

2944 JarielCorvus the Fighter (level 9, 0/60 HPs)
             Began as a Gargoyle Fighter on July 13, 2018.
             Was an Initiate of Qazlal.
             Killed from afar by cokecookie's ghost (9 damage)
             ... with a magic dart
             ... on level 8 of the Dungeon.
             The game lasted 00:24:25 (7072 turns).

JarielCorvus the Fighter (Gargoyle Fighter)         Turns: 7072, Time: 00:24:26

Health: 0/60       AC: 26    Str: 26    XL:     9   Next: 80%
Magic:  9/9        EV:  6    Int: 10    God:    Qazlal [......]
Gold:   472        SH: 11    Dex: 10    Spells: 8/8 levels left

rFire    . . .     SeeInvis +   a - +1 long sword (flame)
rCold    . . .     Gourm    .   c - +0 shield
rNeg     + . .     Faith    .   n - +0 plate armour
rPois    ∞         Spirit   .   (no helmet)
rElec    +         Reflect  .   (no cloak)
rCorr    .         Harm     .   i - +0 pair of gloves
MR       .....                  (no boots)
Stlth    ..........             o - amulet of regeneration
HPRegen  0.60/turn              k - ring of see invisible
MPRegen  0.11/turn              E - +5 ring of protection

@: mighty, berserk cooldown, slowed, very slow
A: negative energy resistance 1, electricity resistance, unbreathing,
petrification resistance, rot immunity, AC +6
a: Renounce Religion


You were on level 8 of the Dungeon.
You worshipped Qazlal.
Qazlal was noncommittal.
You were very hungry.

You visited 2 branches of the dungeon, and saw 9 of its levels.

You collected 472 gold pieces.

Inventory:

Hand Weapons
 a - a +1 long sword of flaming (weapon)
 r - a +0 short sword
 s - a +0 halberd of protection
 A - a +0 long sword
Armour
 b - a +0 scale mail
 c - a +0 shield (worn)
 h - a +0 helmet
 i - a +0 pair of gloves (worn)
 n - a +0 plate armour (worn)
Jewellery
 k - a ring of see invisible (left hand)
 o - an amulet of regeneration (around neck)
 u - an uncursed ring of positive energy
 E - a +5 ring of protection (right hand)
 I - an uncursed ring of poison resistance {unknown}
Wands
 m - a wand of polymorph (15)
 y - a wand of paralysis (13)
 z - a wand of flame (22)
 B - a wand of disintegration (15)
 G - a wand of random effects (30)
Scrolls
 e - 6 scrolls of teleportation
 q - 8 scrolls of remove curse
 t - 3 scrolls of enchant armour {unknown}
 w - 2 scrolls of magic mapping
 x - a scroll of brand weapon
 D - 3 scrolls of amnesia
 H - a scroll of fog {unknown}
 J - 4 scrolls of immolation {unknown}
Potions
 d - 2 potions of might
 j - 5 potions of curing
 l - 3 potions of flight
 p - a potion of magic {unknown}
 v - a potion of mutation {unknown}
 C - a potion of cancellation {unknown}
 F - a potion of invisibility {unknown}
 K - a potion of resistance {unknown}
Comestibles
 f - 10 rations


   Skills:
 * Level 9.1 Fighting
 + Level 5.1 Long Blades
 * Level 9.1 Armour
 + Level 6.7 Shields


You had 8 spell levels left.
You didn't know any spells.

Dungeon Overview and Level Annotations

Branches:
Dungeon (8/15)             Temple (1/1) D:6            Lair (0/6) D:8

Altars:
Ashenzari
Cheibriados
Dithmenos
Elyvilon
Fedhas
Gozag
Hepliaklqana
Kikubaaqudgha
Makhleb
Nemelex Xobeh
Okawaru
Qazlal
Ru
Sif Muna
Trog
Uskayaw
Vehumet
Wu Jian
Xom
Yredelemnul
Zin
The Shining One

Annotations:
D:5 Prince Ribbit
D:8 cokecookie's ghost, novice DEWz


Innate Abilities, Weirdness & Mutations

You are resistant to torment.
Your stone body is resilient. (AC +6)
You are immune to poison.
You resist negative energy. (rN+)
You are resistant to electric shocks. (rElec)
You can survive without breathing.
You are immune to petrification.
You are immune to rotting.


Message History

The hound skeleton bites you but does no damage.
Cokecookie's ghost hits you.
* * * LOW HITPOINT WARNING * * *
The shadow imp splashes around in the water.
The white imp laughs crazily.
You block the white imp's attack.
The hound skeleton splashes around in the water.
The electric eel shoots out a bolt of lightning at you!
The bolt of electricity hits you! You resist.
* * * LOW HITPOINT WARNING * * *
The shadow imp hits you but does no damage.
You block cokecookie's ghost's attack. The white imp barely misses you.
You riposte.
Your unstable footing causes you to fumble your attack.
Your unstable footing causes you to fumble your attack.
The hound skeleton barely misses you. x2; You riposte.
Your unstable footing causes you to fumble your attack.
Cokecookie's ghost gestures at you while chanting.
The magic dart hits you!
You die...

..........................
......................####
.........................
.........................
.....................≈.≈..
.................(≈T≈.≈≈.≈
..................≈≈≈≈≈.≈
...............5.≈≈≈≈≈≈≈≈
............(.(5@W≈≈h≈≈≈≈
............)..5Z≈≈≈.≈.≈.
...............≈≈≈≈≈≈....
...............≈≈≈≈h..>.≈
..............#≈≈≈≈≈≈....
...............≈≈≈≈≈≈..;
...../.....≈≈≈≈≈≈.≈
............≈≈≈≈≈.≈
...........≈≈≈≈


You could see a troll, a wolf, a hound, an electric eel, cokecookie's ghost, a
crimson imp, a white imp, a shadow imp and a hound skeleton.

Vanquished Creatures
  Pikel (D:5)
  A hornet (D:8)
  4 sky beasts
  2 wolves (D:8)
  2 ice beasts
  An ogre (D:5)
  A centaur (D:8)
  Blork the orc (D:6)
  2 bullfrogs (D:7)
  A wyvern zombie (D:8)
  4 scorpions
  The ghost of JarielCorvus the Ducker, a weakling MfGl (D:3)
  A howler monkey (D:4)
  An electric eel (D:8)
  3 crimson imps
  A quasit (D:7)
  An orc priest (D:5)
  3 hounds
  A bullfrog skeleton (D:4)
  A gnoll shaman (D:5)
  2 centaur skeletons
  4 orc wizards
  Ijyb (D:5)
  Natasha (thrice) (D:2)
  3 worker ants
  6 gnolls
  6 adders
  3 shadow imps
  An adder zombie (D:5)
  A worm (D:4)
  2 dart slugs
  4 leopard geckos
  24 orcs
  A giant cockroach (D:2)
  7 goblins
  3 hobgoblins
  9 jackals
  8 kobolds
  3 ball pythons
  6 bats
  5 frilled lizards
  8 rats
143 creatures vanquished.

Vanquished Creatures (others)
  A slave (D:5)
1 creature vanquished.

Grand Total: 144 creatures vanquished

Notes
Turn   | Place    | Note
-------+----------+-------------------------------------------
     0 | D:1      | JarielCorvus the Gargoyle Fighter began the quest for the Orb.
     0 | D:1      | Reached XP level 1. HP: 14/14 MP: 1/1
    92 | D:1      | Reached XP level 2. HP: 13/19 MP: 2/2
   394 | D:1      | Reached XP level 3. HP: 24/24 MP: 3/3
  1101 | D:2      | Reached XP level 4. HP: 18/29 MP: 4/4
  1224 | D:2      | Noticed Natasha
  1244 | D:2      | Killed Natasha
  1454 | D:2      | Found a faded altar of an unknown god.
  1561 | D:2      | Noticed Natasha
  1567 | D:2      | Killed Natasha
  1570 | D:2      | Noticed Natasha
  1580 | D:2      | Killed Natasha
  1580 | D:2      | Reached XP level 5. HP: 11/34 MP: 5/5
  1849 | D:3      | Noticed JarielCorvus's ghost (weakling MfGl)
  1883 | D:3      | Killed JarielCorvus's ghost
  2990 | D:3      | Reached skill level 5 in Fighting
  2990 | D:3      | Reached skill level 5 in Armour
  2990 | D:3      | Reached XP level 6. HP: 40/40 MP: 6/6
  3411 | D:4      | Reached XP level 7. HP: 43/44 MP: 7/7
  3674 | D:4      | Found an opulent altar of Gozag.
  3897 | D:5      | Entered Level 5 of the Dungeon
  4211 | D:5      | Noticed Prince Ribbit
  4218 | D:5      | Reached skill level 5 in Shields
  4250 | D:5      | Reached XP level 8. HP: 49/52 MP: 8/8
  4701 | D:5      | Noticed Pikel
  4703 | D:5      | Noticed Ijyb
  4745 | D:5      | Killed Pikel
  4752 | D:5      | Killed Ijyb
  5367 | D:6      | Reached XP level 9. HP: 54/59 MP: 9/9
  5600 | D:6      | Noticed Blork the orc
  5611 | D:6      | Killed Blork the orc
  5670 | D:6      | Found a staircase to the Ecumenical Temple.
  5683 | Temple   | Entered the Ecumenical Temple
  5711 | Temple   | Became a worshipper of Qazlal Stormbringer
  6881 | D:8      | Noticed a hornet
  6900 | D:8      | Killed a hornet
  6900 | D:8      | Reached skill level 5 in Long Blades
  7040 | D:8      | Found a staircase to the Lair.
  7047 | D:8      | Noticed cokecookie's ghost (novice DEWz)
  7051 | D:8      | Noticed a troll
  7072 | D:8      | Killed from afar by cokecookie's ghost

Skill      XL: |  1  2  3  4  5  6  7  8  9 |
---------------+----------------------------+-----
Long Blades    | 2 3 4 5 |  5.1
Fighting       | 4 5 6 7 9 |  9.1
Armour         | 4 5 6 7 9 |  9.1
Shields        | 4 5 6 |  6.7

Action                   |  1- 3 |  4- 6 |  7- 9 || total
-------------------------+-------+-------+-------++-------
Melee: Long sword        |    99 |   246 |   549 ||   894
  Use: Scroll            |     4 |     3 |    10 ||    17
       Potion            |       |       |     3 ||     3
  Eat: Chunk             |       |     6 |     8 ||    14
       Ration            |       |     1 |     1 ||     2
Armor: Scale mail        |    42 |    78 |       ||   120
       Plate armour      |       |    72 |   377 ||   449
Dodge: Dodged            |    32 |    75 |   110 ||   217
Block: Shield            |    62 |   123 |   291 ||   476
       Rpst.: Long sword |    11 |    26 |    40 ||    77
